 Dungeon Crawl Stone Soup version 0.31-a0-788-ga445dbd2db (webtiles) character file.

Game seed: 13005226438890845169

27 Ijustatesigmund the Firebug (level 2, 0/16 HPs)
             Began as a Deep Elf Fire Elementalist on Sept 18, 2023.
             Slain by a worm (4 damage)
             ... on level 2 of the Dungeon.
             The game lasted 00:01:32 (947 turns).

Ijustatesigmund the Firebug (DEFE)                   Turns: 947, Time: 00:01:33

Health: 0/16       AC:  2    Str:  5    XL:     2   Next: 93%
Magic:  1/8        EV: 12    Int: 19    God:
Gold:   50         SH:  0    Dex: 15    Spells: 5/8 levels left

rFire   . . .        f - +0 spear
rCold   . . .        (no shield)
rNeg    . . .        a - +0 robe
rPois   .            (no helmet)
rElec   .            (no cloak)
rCorr   .            (no gloves)
SInv    +            (no boots)
Will    .....        (no amulet)
Stlth   ++           e - ring of see invisible
HPRegen 0.22/turn    (no ring)
MPRegen 0.11/turn

%: no passive effects
@: no status effects
A: no striking features
a: no special abilities


You were on level 2 of the Dungeon.
You visited 1 branch of the dungeon, and saw 2 of its levels.

You collected 50 gold pieces.

Inventory:

Hand Weapons
 f - a +0 spear (weapon)
Armour
 a - a +0 robe (worn)
Jewellery
 e - a ring of see invisible (left hand)
Scrolls
 c - a scroll of identify {unknown}
 d - 2 scrolls of poison {unknown}
 g - a scroll of revelation {unknown}
 h - 2 scrolls of vulnerability {unknown}
 i - a scroll of enchant armour {unknown}
Potions
 b - a potion of magic
 j - 2 potions of berserk rage {unknown}


   Skills:
 + Level 0.9 Fighting
 - Level 2.4 Dodging
 - Level 2.4 Stealth
 + Level 3.5 Spellcasting
 + Level 1.7 Conjurations
 + Level 3.6 Fire Magic


You had 5 spell levels left.
You knew the following spells:

 Your Spells              Type           Power      Damage    Failure   Level
a - Foxfire               Conj/Fire      52%        2x1d6     4%          1
b - Scorch                Fire           34%        2d6       4%          2

Your spell library contained the following spells:

 Spells                   Type           Power      Damage    Failure   Level
 Inner Flame              Hex/Fire       10%        N/A       21%         3
 Volatile Blastmotes      Fire/Tloc      20%        2d11      21%         3
 Flame Wave               Conj/Fire      13%        2d6       43%         4


Dungeon Overview and Level Annotations

Branches:
Dungeon (2/15)

Altars:


Message History

The endoplasm barely misses you.
Casting: Foxfire (safe; 4% risk of failure)
Confirm with . or Enter, or press ? or * to list all spells.
You conjure some foxfire!
The endoplasm closely misses you.
The foxfire hits the endoplasm.
You kill the endoplasm!
The foxfire hits the dart slug.
The dart slug is heavily wounded.
Casting: Foxfire (safe; 4% risk of failure)
Confirm with . or Enter, or press ? or * to list all spells.
You conjure some foxfire!
The dart slug closely misses you.
The foxfire hits the dart slug.
The dart slug is almost dead.
The foxfire hits the worm.
The worm is moderately wounded.
The dart slug bites you.
Casting: Foxfire (safe; 4% risk of failure)
Confirm with . or Enter, or press ? or * to list all spells.
You conjure some foxfire!
The foxfire hits the worm.
The worm is heavily wounded.
The foxfire hits the worm.
The worm is heavily wounded.
The dart slug barely misses you. The worm bites you!
Ouch! That really hurt!
* * * LOW HITPOINT WARNING * * *
Casting: Foxfire (safe; 4% risk of failure)
Confirm with . or Enter, or press ? or * to list all spells.
You conjure some foxfire!
The dart slug barely misses you.
The foxfire hits the worm.
The worm is heavily wounded.
The foxfire hits the worm.
The worm is severely wounded.
The worm barely misses you.
Casting: Foxfire (safe; 4% risk of failure)
Confirm with . or Enter, or press ? or * to list all spells.
You conjure some foxfire!
The dart slug launches a dart at you. The slug dart misses you.
The worm bites you.
You die...

#.# .# #.# #.# #.# ##+# #.#
#.# #...# #.# #.#### .....#
#[# #....# ......# ##.##
####.#
...?...####v§.###########...
.......'..w@...†............
.......###wv..#.#########...
......# #.#.##.# ##.# .....#
#.#.##.# #.# #...# #.#...)#
#.. ##+# #.###..# ### #.#
#..# # #.. ...# # ### #.## #


You could see a worm (ally target) and a dart slug (ally target).

Vanquished Creatures
  5 endoplasms
  A giant cockroach (D:1)
  4 goblins
  4 hobgoblins
  A quokka (D:1)
  A ball python (D:1)
  2 bats (D:2)
  A frilled lizard (D:1)
  A kobold (D:2)
  3 rats (D:1)
23 creatures vanquished.

Vanquished Creatures (others)
  83 foxfires
83 creatures vanquished.

Grand Total: 106 creatures vanquished

Notes
Turn   | Place    | Note
-------+----------+-------------------------------------------
     0 | D:1      | Ijustatesigmund the Deep Elf Fire Elementalist began the
                  | quest for the Orb.
     0 | D:1      | Reached XP level 1. HP: 10/10 MP: 6/6
   276 | D:1      | Reached XP level 2. HP: 16/16 MP: 5/8
   626 | D:2      | Learned a level 2 spell: Scorch
   947 | D:2      | Slain by a worm

Illustrated notes

Levels and vault maps discovered:
D:1:      heliophobic_arrival_enchanted_forest, layout_rooms
D:2:      layout_loops_corners, shapermc_ecumenical_altar_notcrosses,
          uniq_robin, uniq_crazy_yiuf_cottage, uniq_jessica

Action                     || total
---------------------------++-------
   Cast: Foxfire           ||    51
         Scorch            ||     1
 Armour: Robe              ||     6
  Dodge: Dodged            ||    20

Table legend: (Time is in decaauts)
 A = Elapsed time spent in this place.
 B = Non-inter-level travel time spent in this place.
 C = Inter-level travel time spent in this place.
 D = Time resting spent in this place.
 E = Time spent auto-exploring this place.
 F = Levels seen in this place.
 G = Mean time per level.
                   A        B        C        D        E       F      G
               +--------+--------+--------+--------+--------+-----+--------+
         Total |    945 |    938 |      7 |      0 |    770 |   2 |  472.5 |
       Dungeon |    945 |    938 |      7 |      0 |    770 |   2 |  472.5 |
               +--------+--------+--------+--------+--------+-----+--------+

Top non-repeatable levels by time:
     D:1: 621 daAuts
     D:2: 324 daAuts
